 Dungeon Crawl Stone Soup version 0.31.0-12-g77e489cdc1 (webtiles) character file.

Game seed: 696695983532199463

17 Gadfly the Trooper (level 2, -1/24 HPs)
             Began as a Demonspawn Monk on Feb 12, 2024.
             Slain by a gnoll
             ... wielding a +0 spear
              (2 damage)
             ... on level 1 of the Dungeon.
             The game lasted 00:00:32 (493 turns).

Gadfly the Trooper (Demonspawn Monk)                 Turns: 493, Time: 00:00:33

Health: -1/24      AC:  3    Str: 11    XL:     2   Next: 44%
Magic:  2/2        EV: 13    Int: 10    God:
Gold:   45         SH:  0    Dex: 15    Spells: 1/1 levels left

rFire   . .          .
                       - Unarmed
rCold   . . .        c - orb {light}
rNeg    . . .        a - +0 robe
rPois   .            (helmet restricted)
rElec   .            (no cloak)
rCorr   .            (no gloves)
SInv    .            h - +0 pair of boots
Will    .....        (no amulet)
Stlth   +            (no ring)
HPRegen 0.24/turn    (no ring)
MPRegen 0.08/turn

%: no passive effects
@: glowing
A: antennae 1
a: no special abilities


You were on level 1 of the Dungeon.
You visited 1 branch of the dungeon, and saw 1 of its levels.

You collected 45 gold pieces.

Inventory:

Armour
 a - a +0 robe (worn)
 c - an orb of light (worn)
 h - a +0 pair of boots (worn)
Scrolls
 d - a scroll of identify {unknown}
 e - a scroll of blinking {unknown}
 f - a scroll of summoning {unknown}
 g - a scroll of teleportation {unknown}
Potions
 b - a potion of ambrosia
 i - 2 potions of degeneration {unknown}
 j - a potion of haste {unknown}


   Skills:
 - Level 3.0 Fighting
 + Level 2.8 Dodging
 * Level 3.0 Unarmed Combat
 * Level 0.9 Evocations
 * Level 0.7 Shapeshifting


You had one spell level left.
You didn't know any spells.
Your spell library was empty.

Dungeon Overview and Level Annotations

Branches:
Dungeon (1/15)

Altars:

Shops:
D:1 (


Innate Abilities, Weirdness & Mutations

You have a pair of small antennae on your head.


Message History

The gnoll shouts!
The ball python hisses angrily.
You hear a loud squeak.
You hear a shout!
The ball python closely misses you. The ball python misses you.
The kobold throws a stone.
The stone misses you.
You hit the ball python.
The ball python is severely wounded.
The ball python bites you but does no damage.
The ball python closely misses you.
A rat comes into view.
The gnoll hits you from afar with a +0 spear.
You hit the ball python but do no damage.
The ball python is severely wounded.
The ball python misses you. The ball python closely misses you.
The gnoll misses you.
You barely miss the ball python.
The ball python is severely wounded.
The ball python bites you. The ball python grabs you.
The ball python constricts you. The kobold hits you with a +0 whip.
The ball python bites you but does no damage.
The ball python constricts you.
The gnoll hits you from afar with a +0 spear.
You escape the ball python's grasp.
You hit the kobold but do no damage. You hit the kobold.
You kill the kobold!
The ball python misses you. The ball python closely misses you.
You hit the ball python.
You kill the ball python!
The gnoll hits you with a +0 spear!
Things that are here:
a +0 whip; a stone You hit the gnoll.
The gnoll is moderately wounded.
The gnoll hits you with a +0 spear!
* * * LOW HITPOINT WARNING * * *
The rat completely misses you.
You barely miss the gnoll.
The gnoll is moderately wounded.
The gnoll hits you with a +0 spear.
You die...

#........#############
#.# #
+.....................
..#
#...........).####...#
#.# ####...........#.#
# ###
#.........##...##
#.........# .#.?# ####
#.........##.. ## #...
...........#r#.# #.##
....#####.#.@g# # #.##
.$.. #..##$.....# #.##
.. ##. ..##### #.## ##
### #.## #..' #### # #
#


You could see a gnoll and a rat.

Vanquished Creatures
  2 endoplasms (D:1)
  A giant cockroach (D:1)
  2 hobgoblins (D:1)
  3 jackals (D:1)
  4 kobolds (D:1)
  2 ball pythons (D:1)
14 creatures vanquished.

Notes
Turn   | Place    | Note
-------+----------+-------------------------------------------
     0 | D:1      | Gadfly the Demonspawn Monk began the quest for the Orb.
     0 | D:1      | Reached XP level 1. HP: 18/18 MP: 1/1
   150 | D:1      | Found Texiu's Antique Weapon Boutique.
   344 | D:1      | Discovered your monstrous ancestry.
   344 | D:1      | Gained mutation: You have a pair of small antennae on your
                  | head. [demonic ancestry]
   344 | D:1      | Reached XP level 2. HP: 21/24 MP: 2/2
   492 | D:1      | HP: 1/24 [gnoll/+0 spear (7)]
   493 | D:1      | Slain by a gnoll

Illustrated notes

Levels and vault maps discovered:
D:1:      wheals_arrival_shading, layout_basic, serial_shops,
          nicolae_square_shop, minmay_hexomino_f4

Skill      XL: |  1  2 |
---------------+-------+-----
Unarmed Combat | 3 |  3.0
Fighting       | |  3.0
Dodging        | |  2.8
Evocations     | |  0.9
Shapeshifting  | |  0.7

Action                     || total
---------------------------++-------
  Melee: Unarmed           ||    55
 Armour: Robe              ||    28
  Dodge: Dodged            ||    42
